 Dungeon Crawl Stone Soup version 0.23.2-40-g277498a001 (webtiles) character file.

Game seed: 11387354546436282898

189 Bodigarde the Insei (level 5, -6/41 HPs)
             Began as a Gnoll Transmuter on Aug 27, 2019.
             Killed from afar by an orc wizard (10 damage)
             ... with a magic dart
             ... on level 4 of the Dungeon on Aug 28, 2019.
             The game lasted 00:14:48 (2996 turns).

Bodigarde the Insei (Gnoll Transmuter)              Turns: 2996, Time: 00:14:49

Health: -6/41      AC:  2    Str: 13    XL:     5   Next: 68%
Magic:  11/12      EV: 23    Int: 16    God:
Gold:   116        SH:  0    Dex: 20    Spells: 8/14 levels left

rFire    . . .     SeeInvis .     - Unarmed
rCold    . . .     Gourm    .   (shield currently unavailable)
rNeg     . . .     Faith    .   (armour currently unavailable)
rPois    x         Spirit   .   (helmet currently unavailable)
rElec    .         Reflect  .   (cloak currently unavailable)
rCorr    .         Harm     .   (gloves currently unavailable)
MR       +....                  (boots currently unavailable)
Stlth    ++........             (no amulet)
HPRegen  0.13/turn              e - ring of protection from magic
MPRegen  0.13/turn              (no ring)

@: spider-form (expiring), lightly drained
A: tiny, distributed training, strong nose
a: End Transformation


You were on level 4 of the Dungeon.
You were not hungry.
You were a venomous arachnid creature.
You visited 1 branch of the dungeon, and saw 4 of its levels.

You collected 116 gold pieces.

Inventory:

Hand Weapons
 k - a +0 blowgun
 n - a +0 mace of draining
Missiles
 a - 49 arrows
 f - 59 stones (quivered)
Armour
 b - a +0 robe (melded)
Jewellery
 e - a ring of protection from magic (left front leg)
Scrolls
 j - 2 scrolls of blinking
 l - a scroll of remove curse
 m - 2 scrolls of teleportation
 o - a scroll of identify
Potions
 c - a potion of might
 g - a potion of heal wounds
 i - 3 potions of agility
Comestibles
 d - 4 rations
 h - 4 chunks of flesh


   Skills:
 + Level 3.0(2.8) Fighting
 + Level 1.5(1.4) Short Blades
 + Level 1.5(1.4) Long Blades
 + Level 1.5(1.4) Axes
 + Level 1.5(1.4) Maces & Flails
 + Level 1.5(1.4) Polearms
 + Level 1.5(1.4) Staves
 + Level 1.5(1.4) Slings
 + Level 1.5(1.4) Bows
 + Level 1.5(1.4) Crossbows
 + Level 1.5(1.4) Throwing
 + Level 1.5(1.4) Armour
 + Level 4.8(4.6) Dodging
 + Level 1.5(1.4) Stealth
 + Level 1.5(1.4) Shields
 + Level 6.7(6.5) Unarmed Combat
 + Level 5.2(5.0) Spellcasting
 + Level 1.2(1.0) Conjurations
 + Level 1.2(1.0) Hexes
 + Level 1.2(1.0) Charms
 + Level 1.2(1.0) Summonings
 + Level 1.2(1.0) Necromancy
 + Level 1.2(1.0) Translocations
 + Level 4.0(3.8) Transmutations
 + Level 1.2(1.0) Fire Magic
 + Level 1.2(1.0) Ice Magic
 + Level 1.2(1.0) Air Magic
 + Level 1.2(1.0) Earth Magic
 + Level 1.2(1.0) Poison Magic
 + Level 1.7(1.6) Invocations
 + Level 1.5(1.4) Evocations


You had 8 spell levels left.
You knew the following spells:

 Your Spells              Type           Power        Failure   Level  Hunger
a - Beastly Appendage     Tmut           ###...       11%         1    None
b - Sticks to Snakes      Tmut           ###.....     14%         2    #......
c - Spider Form           Tmut/Pois      ##........   36%         3    ###....

Your spell library contained the following spells:

 Spells                   Type           Power        Failure   Level  Hunger
 Ice Form                 Ice/Tmut       ##......     71%         4    ####...
 Blade Hands              Tmut           ###.......   83%         5    ######.


Dungeon Overview and Level Annotations

Branches:
Dungeon (4/15)
 Temple: D:4-7

Altars:
Trog
Yredelemnul

Shops:
D:4 (


Innate Abilities, Weirdness & Mutations

Your experience applies equally to all skills.
((You have very sharp teeth.))
Your uncanny sense of smell can sniff out nearby items.


Message History

You bite the orc priest!
You kill the orc priest!
Your base Fighting skill increases to level 3!
Your base Transmutations skill increases to level 4!
The orc wizard barely misses you.
You bite the orc!
You kill the orc!
You hit the orc wizard but do no damage.
The orc wizard completely misses you.
You hit the orc wizard but do no damage.
The orc wizard points at you and mumbles some strange words.
The puff of flame misses you.
You barely miss the orc wizard.
The orc wizard looks encouraged for a moment.
You bite the orc wizard!
The orc wizard looks as sick as possible!
The orc wizard is severely wounded.
The orc wizard gestures at you while chanting.
The magic dart hits you!
You die...

......##+###........
................... ∆
..............###'##
............#.#....#
............#.#....#
#...........#.#...(####(#
#......#####....))(......
'......# #...##o###
#......# #.#..s<∩.#
######## #........#
###......# #).....#
#......#
##########.......#
#.......##.##..###
#.......##. #..#
#.......##. #....


You could see an orc wizard.

Vanquished Creatures
  2 orc priests (D:4)
  An orc wizard (D:4)
  2 adders
  An ooze (D:1)
  3 dart slugs
  5 leopard geckos
  7 orcs
  2 ball pythons
  2 giant cockroaches
  4 hobgoblins
  2 jackals (D:1)
  6 kobolds
  5 bats
  6 frilled lizards
  5 goblins
  13 rats
66 creatures vanquished.

Vanquished Creatures (collateral kills)
  An adder (D:3)
  A worm (D:1)
2 creatures vanquished.

Grand Total: 68 creatures vanquished

Notes
Turn   | Place    | Note
-------+----------+-------------------------------------------
     0 | D:1      | Bodigarde the Gnoll Transmuter began the quest for the Orb.
     0 | D:1      | Reached XP level 1. HP: 17/17 MP: 6/6
    80 | D:1      | Reached XP level 2. HP: 23/23 MP: 7/7
   106 | D:1      | Learned a level 2 spell: Sticks to Snakes
   408 | D:1      | Reached XP level 3. HP: 26/28 MP: 9/9
   418 | D:1      | Learned a level 3 spell: Spider Form
   597 | D:1      | Reached skill level 5 in Spellcasting
  1008 | D:1      | Reached skill level 1 in Invocations
  1372 | D:2      | Found a bloodstained altar of Trog.
  1561 | D:2      | Reached skill level 1 in Short Blades
  1561 | D:2      | Reached skill level 1 in Long Blades
  1561 | D:2      | Reached skill level 1 in Axes
  1561 | D:2      | Reached skill level 1 in Maces & Flails
  1561 | D:2      | Reached skill level 1 in Polearms
  1561 | D:2      | Reached skill level 1 in Staves
  1561 | D:2      | Reached skill level 1 in Slings
  1561 | D:2      | Reached skill level 1 in Bows
  1561 | D:2      | Reached skill level 1 in Crossbows
  1561 | D:2      | Reached skill level 1 in Throwing
  1561 | D:2      | Reached skill level 1 in Armour
  1561 | D:2      | Reached skill level 1 in Stealth
  1561 | D:2      | Reached skill level 1 in Shields
  1561 | D:2      | Reached skill level 1 in Evocations
  1593 | D:2      | Reached XP level 4. HP: 34/34 MP: 11/11
  1885 | D:2      | Found a basalt altar of Yredelemnul.
  2646 | D:4      | Found Ciddoros's Antique Weapon Emporium.
  2662 | D:4      | Noticed an ogre
  2697 | D:4      | Reached skill level 1 in Conjurations
  2697 | D:4      | Reached skill level 1 in Hexes
  2697 | D:4      | Reached skill level 1 in Charms
  2697 | D:4      | Reached skill level 1 in Summonings
  2697 | D:4      | Reached skill level 1 in Necromancy
  2697 | D:4      | Reached skill level 1 in Translocations
  2697 | D:4      | Reached skill level 1 in Fire Magic
  2697 | D:4      | Reached skill level 1 in Ice Magic
  2697 | D:4      | Reached skill level 1 in Air Magic
  2697 | D:4      | Reached skill level 1 in Earth Magic
  2697 | D:4      | Reached skill level 1 in Poison Magic
  2813 | D:4      | Reached XP level 5. HP: 40/40 MP: 9/12
  2981 | D:4      | Identified the +5 mace of Kindness {vamp, *Contam rN+ Str+5
                  | Dex+4}
  2996 | D:4      | Killed from afar by an orc wizard

Skill      XL: |  1  2  3  4  5 |
---------------+----------------+-----
Spellcasting   | 5 |  5.2
Invocations    | 1 |  1.7
Short Blades   | 1 |  1.5
Long Blades    | 1 |  1.5
Axes           | 1 |  1.5
Maces & Flails | 1 |  1.5
Polearms       | 1 |  1.5
Staves         | 1 |  1.5
Slings         | 1 |  1.5
Bows           | 1 |  1.5
Crossbows      | 1 |  1.5
Throwing       | 1 |  1.5
Armour         | 1 |  1.5
Stealth        | 1 |  1.5
Shields        | 1 |  1.5
Evocations     | 1 |  1.5
Conjurations   | 1 |  1.2
Hexes          | 1 |  1.2
Charms         | 1 |  1.2
Summonings     | 1 |  1.2
Necromancy     | 1 |  1.2
Translocations | 1 |  1.2
Fire Magic     | 1 |  1.2
Ice Magic      | 1 |  1.2
Air Magic      | 1 |  1.2
Earth Magic    | 1 |  1.2
Poison Magic   | 1 |  1.2
Fighting       | 3 |  3.0
Transmutations | 4 |  4.0
Dodging        | |  4.8
Unarmed Combat | |  6.7

Action                   |  1- 3 |  4- 6 || total
-------------------------+-------+-------++-------
Melee: Unarmed           |    91 |    74 ||   165
       Punch             |     4 |     1 ||     5
       Kick              |     7 |       ||     7
       Bite              |     4 |     7 ||    11
       Headbutt          |     1 |     1 ||     2
Throw: Stone             |     6 |    27 ||    33
 Cast: Beastly Appendage |     6 |     3 ||     9
       Sticks to Snakes  |     2 |     1 ||     3
       Spider Form       |       |     3 ||     3
  Use: Scroll            |       |     7 ||     7
 Stab: Sleeping          |       |     3 ||     3
  Eat: Chunk             |     2 |     5 ||     7
Armor: Robe              |    20 |     3 ||    23
       Skin              |       |     1 ||     1
Dodge: Dodged            |   115 |    44 ||   159
